TOP OF THE 1ST |
University of Virginia Cavaliers batting - Pitching for University of Georgia Bulldogs : RHP Terry Jeffrey
|
Pitching: RHP Terry Jeffrey
|
|
Batting: RHB Diego Herrera
|
0-0: Ground out U3 (Groundball, 34, EV 78.8 MPH)
|
Batting: RHB Jorge Gonzales
|
0-0: Swinging Strike 0-1: Ball 1-1: Ground out 6-3 (Groundball, 6, EV 85.6 MPH)
|
Batting: RHB Eric McClelland
|
0-0: Ball 1-0: SOLO HOME RUN (Flyball, 78XD, EV 111.2 MPH), Distance : 412 ft
|
Batting: RHB Ricky Aguilar
|
0-0: Ball 1-0: Foul Ball, location: 2F 1-1: Called Strike 1-2: Foul Ball, location: 2F 1-2: Ball 2-2: Ball 3-2: Strikes out looking
|
Top of the 1st over - 1 run, 1 hit, 0 errors, 0 left on base; University of Virginia 1 - University of Georgia 0 |
BOTTOM OF THE 1ST |
University of Georgia Bulldogs batting - Pitching for University of Virginia Cavaliers : RHP Melvin Orengo
|
Pitching: RHP Melvin Orengo
|
|
Batting: RHB Yoshinaga Okimoto
|
0-0: Called Strike 0-1: Bunt for hit to 25 - play at first, batter safe!
|
Batting: RHB Jaquan Brown
|
0-0: Ball 1-0: Fielders Choice at 2nd, 6-4 (Groundball, 6, EV 86.2 MPH)
|
Batting: RHB Terry Oetker
|
0-0: Ball 1-0: Ball 2-0: Grounds into double play, 1-6-3 (Groundball, 13S, EV 65.6 MPH)
|
Bottom of the 1st over - 0 runs, 1 hit, 0 errors, 0 left on base; University of Virginia 1 - University of Georgia 0 |
TOP OF THE 2ND |
University of Virginia Cavaliers batting - Pitching for University of Georgia Bulldogs : RHP Terry Jeffrey
|
Batting: RHB Jim Unknown
|
0-0: Ball 1-0: Foul Ball, location: 2F 1-1: Foul Ball, location: 2F 1-2: Foul Ball, location: 2F 1-2: Strikes out looking
|
Batting: RHB Jim Unknown
|
0-0: Ball 1-0: Swinging Strike 1-1: Ball 2-1: Fly out, F8 (Line Drive, 8LD, EV 95.6 MPH)
|
Batting: RHB Jim Unknown
|
0-0: Ball 1-0: Fly out, F8 (Flyball, 8RS, EV 93.8 MPH)
|
Top of the 2nd over - 0 runs, 0 hits, 0 errors, 0 left on base; University of Virginia 1 - University of Georgia 0 |
BOTTOM OF THE 2ND |
University of Georgia Bulldogs batting - Pitching for University of Virginia Cavaliers : RHP Melvin Orengo
|
Batting: RHB Homer Petropoulos
|
0-0: Ball 1-0: Ball 2-0: Ground out 5-3 (Groundball, 5, EV 93.1 MPH)
|
Batting: RHB Dou-wan Pan
|
0-0: Ball 1-0: Called Strike 1-1: Swinging Strike 1-2: Foul Ball, location: 2F 1-2: Ball 2-2: Reached on error, E5 (Groundball, 56S, EV 81.2 MPH)
|
Batting: LHB Chris Viehman
|
0-0: Ball 1-0: SINGLE (Groundball, 15S, EV 71.2 MPH) (infield hit) Dou-wan Pan to second
|
Batting: RHB John Carpenter
|
0-0: Called Strike 0-1: Foul Ball, location: 2F 0-2: Ball 1-2: Ball 2-2: Foul Ball, location: 2F 2-2: Ball 3-2: Foul Ball, location: 2F 3-2: Base on Balls Dou-wan Pan to third Chris Viehman to second
|
Batting: RHB Andy Villarreal
|
0-0: Called Strike 0-1: Ball 1-1: Foul Ball, location: 2F 1-2: Fielders Choice at 2nd, 6-4 (Groundball, 6, EV 91.2 MPH) Dou-wan Pan scores Chris Viehman to third
|
Batting: RHB Nate McCormick
|
0-0: Ball 1-0: Ball 2-0: Ground out 1-3 (Groundball, P, EV 71.9 MPH)
|
Bottom of the 2nd over - 1 run, 1 hit, 1 error, 2 left on base; University of Virginia 1 - University of Georgia 1 |
TOP OF THE 3RD |
University of Virginia Cavaliers batting - Pitching for University of Georgia Bulldogs : RHP Terry Jeffrey
|
Batting: RHB Mario Morales
|
0-0: Foul Ball, location: 2F 0-1: Foul Ball, location: 2F 0-2: Ball 1-2: Ball 2-2: Ground out 1-3 (Groundball, P, EV 65.6 MPH)
|
Batting: RHB Alexis Graciani
|
0-0: Ball 1-0: Called Strike 1-1: Ball 2-1: Foul Ball, location: 2F 2-2: Strikes out swinging
|
Batting: RHB Diego Herrera
|
0-0: Foul Ball, location: 2F 0-1: Foul Ball, location: 2F 0-2: Ball 1-2: Ball 2-2: Strikes out looking
|
Top of the 3rd over - 0 runs, 0 hits, 0 errors, 0 left on base; University of Virginia 1 - University of Georgia 1 |
BOTTOM OF THE 3RD |
University of Georgia Bulldogs batting - Pitching for University of Virginia Cavaliers : RHP Melvin Orengo
|
Batting: RHB Yoshinaga Okimoto
|
0-0: Ball 1-0: Fly out, F3 (Popup, 3L, EV 63.1 MPH)
|
Batting: RHB Jaquan Brown
|
0-0: Ground out 4-3 (Groundball, 4, EV 87.5 MPH)
|
Batting: RHB Terry Oetker
|
0-0: Ball 1-0: Foul Ball, location: 2F 1-1: Ball 2-1: Ball 3-1: Swinging Strike 3-2: Base on Balls
|
Batting: RHB Homer Petropoulos
|
0-0: Ball 1-0: Foul Ball, location: 2F 1-1: Swinging Strike 1-2: Foul Ball, location: 2F 1-2: Strikes out swinging
|
Bottom of the 3rd over - 0 runs, 0 hits, 0 errors, 1 left on base; University of Virginia 1 - University of Georgia 1 |
TOP OF THE 4TH |
University of Virginia Cavaliers batting - Pitching for University of Georgia Bulldogs : RHP Terry Jeffrey
|
Batting: RHB Jorge Gonzales
|
0-0: Ball 1-0: Foul Ball, location: 2F 1-1: SINGLE (Groundball, 56D, EV 98.1 MPH)
|
Batting: RHB Eric McClelland
|
0-0: Fly out, F8 (Flyball, 8LM, EV 93.1 MPH)
|
Batting: RHB Ricky Aguilar
|
0-0: Called Strike 0-1: Foul Ball, location: 2F 0-2: Foul Ball, location: 2F 0-2: Ball 1-2: Foul Ball, location: 2F 1-2: Ball 2-2: Strikes out swinging
|
Batting: RHB Jim Unknown
|
0-0: Called Strike 0-1: Ball 1-1: Ball 2-1: Ball 3-1: Called Strike 3-2: Strikes out looking
|
Top of the 4th over - 0 runs, 1 hit, 0 errors, 1 left on base; University of Virginia 1 - University of Georgia 1 |
BOTTOM OF THE 4TH |
University of Georgia Bulldogs batting - Pitching for University of Virginia Cavaliers : RHP Melvin Orengo
|
Batting: RHB Dou-wan Pan
|
0-0: Called Strike 0-1: Ball 1-1: Ball 2-1: Called Strike 2-2: Ball 3-2: Foul Ball, location: 2F 3-2: Ground out 6-3 (Groundball, 6, EV 86.2 MPH)
|
Batting: LHB Chris Viehman
|
0-0: Called Strike 0-1: Swinging Strike 0-2: Strikes out swinging
|
Batting: RHB John Carpenter
|
0-0: Foul Ball, location: 2F 0-1: Foul Ball, location: 2F 0-2: Strikes out swinging
|
Bottom of the 4th over - 0 runs, 0 hits, 0 errors, 0 left on base; University of Virginia 1 - University of Georgia 1 |
TOP OF THE 5TH |
University of Virginia Cavaliers batting - Pitching for University of Georgia Bulldogs : RHP Terry Jeffrey
|
Pitching: RHP Raul Ledesma
|
|
Batting: RHB Jim Unknown
|
0-0: Called Strike 0-1: Ball 1-1: Ground out 4-3 (Groundball, 34, EV 81.9 MPH)
|
Batting: RHB Jim Unknown
|
0-0: Called Strike 0-1: Called Strike 0-2: Foul Ball, location: 2F 0-2: Ball 1-2: Ball 2-2: Fly out, F9 (Flyball, 9S, EV 83.8 MPH)
|
Batting: RHB Mario Morales
|
0-0: Ground out 6-3 (Groundball, 6, EV 85.6 MPH)
|
Top of the 5th over - 0 runs, 0 hits, 0 errors, 0 left on base; University of Virginia 1 - University of Georgia 1 |
BOTTOM OF THE 5TH |
University of Georgia Bulldogs batting - Pitching for University of Virginia Cavaliers : RHP Melvin Orengo
|
Batting: RHB Andy Villarreal
|
0-0: Swinging Strike 0-1: Ball 1-1: Swinging Strike 1-2: Foul Ball, location: 2F 1-2: Strikes out swinging
|
Batting: RHB Nate McCormick
|
0-0: Swinging Strike 0-1: Ball 1-1: Foul Ball, location: 2F 1-2: Strikes out swinging
|
Batting: RHB Yoshinaga Okimoto
|
0-0: Foul Ball, location: 2F 0-1: Swinging Strike 0-2: Foul Ball, location: 2F 0-2: Ball 1-2: Foul Ball, location: 2F 1-2: Fly out, F8 (Flyball, 8LM, EV 91.2 MPH)
|
Bottom of the 5th over - 0 runs, 0 hits, 0 errors, 0 left on base; University of Virginia 1 - University of Georgia 1 |
TOP OF THE 6TH |
University of Virginia Cavaliers batting - Pitching for University of Georgia Bulldogs : RHP Raul Ledesma
|
Batting: RHB Alexis Graciani
|
0-0: Swinging Strike 0-1: Fly out, F9 (Line Drive, 9D, EV 83.8 MPH)
|
Batting: RHB Diego Herrera
|
0-0: Ball 1-0: Ball 2-0: Ball 3-0: Called Strike 3-1: Called Strike 3-2: Base on Balls
|
Batting: RHB Jorge Gonzales
|
0-0: Fielders Choice at 2nd, 4-6 (Groundball, 4, EV 86.2 MPH)
|
Batting: RHB Eric McClelland
|
0-0: Called Strike 0-1: Ball 1-1: Foul Ball, location: 2F 1-2: Foul Ball, location: 2F 1-2: Ball 2-2: Ball 3-2: Base on Balls Jorge Gonzales to second
|
Batting: RHB Ricky Aguilar
|
0-0: Ball 1-0: 3-RUN HOME RUN (Flyball, 7LD, EV 91.9 MPH), Distance : 345 ft
|
Pitching: LHP Dan Hardy
|
|
Batting: RHB Jim Unknown
|
0-0: Ball 1-0: Ball 2-0: Foul Ball, location: 2F 2-1: SINGLE (Flyball, 56D, EV 97.5 MPH)
|
Batting: RHB Jim Unknown
|
0-0: Ball 1-0: Foul Ball, location: 2F 1-1: Swinging Strike 1-2: Foul Ball, location: 2F 1-2: Fielders Choice at 2nd, 6-4 (Groundball, 6, EV 82.5 MPH)
|
Top of the 6th over - 3 runs, 2 hits, 0 errors, 1 left on base; University of Virginia 4 - University of Georgia 1 |
BOTTOM OF THE 6TH |
University of Georgia Bulldogs batting - Pitching for University of Virginia Cavaliers : RHP Melvin Orengo
|
Pitching: RHP Jim Unknown
|
|
Batting: RHB Jaquan Brown
|
0-0: Ball 1-0: Reached on error, E6 (Groundball, 6, EV 105.6 MPH)
|
Batting: RHB Terry Oetker
|
0-0: Called Strike 0-1: Called Strike Jaquan Brown steals 2nd base 0-2: Ball 1-2: DOUBLE (Line Drive, 78M, EV 110.6 MPH) Jaquan Brown scores
|
Batting: RHB Homer Petropoulos
|
0-0: Called Strike 0-1: Ball 1-1: Foul Ball, location: 2F 1-2: Foul Ball, location: 2F 1-2: Fly out, F3 (Popup, 23F, EV 90.0 MPH)
|
Batting: RHB Dou-wan Pan
|
0-0: Ball 1-0: Foul Ball, location: 2F 1-1: Called Strike 1-2: Fly out, F5 (Popup, 5, EV 68.8 MPH)
|
Batting: LHB Chris Viehman
|
0-0: Ball 1-0: Foul Ball, location: 2F 1-1: Called Strike 1-2: Foul Ball, location: 2F 1-2: SINGLE (Groundball, 4D, EV 103.8 MPH) Terry Oetker to third Runner from 3rd tries for Home, SAFE, throw by CF to home
|
Batting: RHB John Carpenter
|
0-0: Ball 1-0: Ball 2-0: Ball 3-0: Called Strike 3-1: Swinging Strike 3-2: Base on Balls Chris Viehman to second
|
Pinch Hitting: RHB Jose Lebron
|
0-0: Ball 1-0: SINGLE (Line Drive, 34D, EV 97.5 MPH) Chris Viehman to third John Carpenter to second Runner from 3rd tries for Home, SAFE, throw by RF to home
|
Pinch Hitting: LHB Mike Holland
|
0-0: Called Strike 0-1: Ball 1-1: Ball 2-1: DOUBLE (Line Drive, 78M, EV 90.0 MPH) John Carpenter scores Jose Lebron to third
|
Pitching: LHP Jim Unknown
|
|
Batting: RHB Yoshinaga Okimoto
|
0-0: SINGLE (Groundball, 6M, EV 97.5 MPH) Jose Lebron scores Mike Holland to third Runner from 3rd tries for Home, SAFE, throw by CF to home
|
Batting: RHB Jaquan Brown
|
0-0: Called Strike Yoshinaga Okimoto is caught stealing 2nd base 2-4
|
Bottom of the 6th over - 6 runs, 5 hits, 1 error, 0 left on base; University of Virginia 4 - University of Georgia 7 |
TOP OF THE 7TH |
University of Virginia Cavaliers batting - Pitching for University of Georgia Bulldogs : LHP Dan Hardy
|
Now at SS: Manuel de los Santos
|
|
Now in LF: Luis Diaz
|
|
Batting: RHB Jim Unknown
|
0-0: Foul Ball, location: 2F 0-1: Ball 1-1: Foul Ball, location: 2F 1-2: Ball 2-2: SINGLE (Groundball, 4S, EV 93.8 MPH)
|
Batting: RHB Mario Morales
|
0-0: Called Strike 0-1: Called Strike 0-2: Fly out, F9 (Flyball, 9D, EV 96.2 MPH)
|
Batting: RHB Alexis Graciani
|
0-0: Called Strike 0-1: Foul Ball, location: 2F 0-2: Ball 1-2: Ball 2-2: Ball 3-2: Ground out 3-1 (Groundball, 13, EV 86.2 MPH) Jim Unknown to second
|
Batting: RHB Diego Herrera
|
0-0: Ball 1-0: Called Strike 1-1: Fly out, F6 (Line Drive, 6, EV 66.9 MPH)
|
Top of the 7th over - 0 runs, 1 hit, 0 errors, 1 left on base; University of Virginia 4 - University of Georgia 7 |
BOTTOM OF THE 7TH |
University of Georgia Bulldogs batting - Pitching for University of Virginia Cavaliers : LHP Jim Unknown
|
Batting: RHB Jaquan Brown
|
0-0: Swinging Strike 0-1: Ball 1-1: Called Strike 1-2: SINGLE (Line Drive, 89S, EV 103.8 MPH)
|
Batting: RHB Terry Oetker
|
0-0: Swinging Strike 0-1: Ball 1-1: Ball 2-1: Fielders Choice at 2nd, 3-6 (Groundball, 13, EV 82.5 MPH)
|
Batting: RHB Homer Petropoulos
|
0-0: Ball 1-0: Foul Ball, location: 2F 1-1: Swinging Strike 1-2: SINGLE (Flyball, 34D, EV 90.0 MPH) Terry Oetker to second
|
Batting: RHB Dou-wan Pan
|
0-0: Ball 1-0: Ball 2-0: Ball 3-0: Called Strike 3-1: Base on Balls Terry Oetker to third Homer Petropoulos to second
|
Batting: LHB Chris Viehman
|
0-0: Called Strike 0-1: Ball 1-1: Ball 2-1: Swinging Strike 2-2: Ball Passed Ball! Terry Oetker scores Homer Petropoulos to third Dou-wan Pan to second 3-2: Foul Ball, location: 2F 3-2: Strikes out swinging
|
Batting: RHB John Carpenter
|
0-0: Ball 1-0: Foul Ball, location: 2F 1-1: Foul Ball, location: 2F 1-2: Ground out 3-1 (Groundball, 34, EV 103.8 MPH)
|
Bottom of the 7th over - 1 run, 2 hits, 0 errors, 2 left on base; University of Virginia 4 - University of Georgia 8 |
TOP OF THE 8TH |
University of Virginia Cavaliers batting - Pitching for University of Georgia Bulldogs : LHP Dan Hardy
|
Pitching: RHP Jim Unknown
|
|
Batting: RHB Jorge Gonzales
|
0-0: SINGLE (Groundball, 34D, EV 103.8 MPH)
|
Batting: RHB Eric McClelland
|
0-0: SINGLE (Popup, 3D, EV 58.8 MPH) Jorge Gonzales to second
|
Batting: RHB Ricky Aguilar
|
0-0: Swinging Strike 0-1: SINGLE (Line Drive, 5D, EV 95.0 MPH) Jorge Gonzales to third Eric McClelland to second
|
Batting: RHB Jim Unknown
|
0-0: Ground out 6-3 (Groundball, 6M, EV 104.4 MPH) Jorge Gonzales scores Eric McClelland to third Ricky Aguilar to second
|
Batting: RHB Jim Unknown
|
0-0: Foul Ball, location: 2F 0-1: Foul Ball, location: 2F 0-2: Ball 1-2: Foul Ball, location: 2F 1-2: Ball 2-2: Foul Ball, location: 2F 2-2: Ball 3-2: Base on Balls
|
Batting: RHB Jim Unknown
|
0-0: Foul Ball, location: 2F 0-1: Ball 1-1: Called Strike 1-2: Grounds into double play, 3-2-3 (Groundball, 3S, EV 70.6 MPH)
|
Top of the 8th over - 1 run, 3 hits, 0 errors, 2 left on base; University of Virginia 5 - University of Georgia 8 |
BOTTOM OF THE 8TH |
University of Georgia Bulldogs batting - Pitching for University of Virginia Cavaliers : LHP Jim Unknown
|
Pitching: RHP Jim Unknown
|
|
Batting: SHB Luis Diaz
|
0-0: Ball 1-0: Foul Ball, location: 2F 1-1: Foul Ball, location: 2F 1-2: Fly out, F8 (Flyball, 8RD, EV 101.2 MPH)
|
Batting: RHB Manuel de los Santos
|
0-0: Foul Ball, location: 2F 0-1: Ball 1-1: Ball 2-1: Ball 3-1: Fly out, F9 (Flyball, 9, EV 75.6 MPH)
|
Batting: RHB Yoshinaga Okimoto
|
0-0: Ball 1-0: Ball 2-0: Ball 3-0: Base on Balls
|
Batting: RHB Jaquan Brown
|
0-0: Ball 1-0: Ground out 4-3 (Groundball, 34, EV 90.0 MPH)
|
Bottom of the 8th over - 0 runs, 0 hits, 0 errors, 1 left on base; University of Virginia 5 - University of Georgia 8 |
TOP OF THE 9TH |
University of Virginia Cavaliers batting - Pitching for University of Georgia Bulldogs : RHP Jim Unknown
|
Pinch Hitting: RHB Carlos Castillo
|
0-0: Ball 1-0: SINGLE (Line Drive, 9S, EV 100.0 MPH)
|
Batting: RHB Alexis Graciani
|
0-0: Ball 1-0: Called Strike 1-1: Called Strike 1-2: 2-RUN HOME RUN (Flyball, 78XD, EV 112.5 MPH), Distance : 427 ft
|
Batting: RHB Diego Herrera
|
0-0: Called Strike 0-1: Ball 1-1: SINGLE (Line Drive, 4D, EV 105.6 MPH)
|
Batting: RHB Jorge Gonzales
|
0-0: Swinging Strike 0-1: Swinging Strike 0-2: Ball 1-2: Ball 2-2: SINGLE (Groundball, 56D, EV 102.5 MPH) Diego Herrera to second
|
Batting: RHB Eric McClelland
|
0-0: Called Strike 0-1: Ball 1-1: Ball 2-1: Foul Ball, location: 2F 2-2: 3-RUN HOME RUN (Line Drive, 7LD, EV 95.0 MPH), Distance : 341 ft
|
Batting: RHB Ricky Aguilar
|
0-0: Called Strike 0-1: Ball 1-1: Swinging Strike 1-2: SINGLE (Line Drive, 78S, EV 101.2 MPH)
|
Batting: RHB Jim Unknown
|
0-0: Ball 1-0: Ball 2-0: Fly out, F8 (Flyball, 8RM, EV 78.8 MPH)
|
Batting: RHB Jim Unknown
|
0-0: Called Strike 0-1: Ball 1-1: Ball 2-1: Called Strike 2-2: Grounds into double play, 5-4-3 (Groundball, 5L, EV 84.4 MPH)
|
Top of the 9th over - 5 runs, 6 hits, 0 errors, 0 left on base; University of Virginia 10 - University of Georgia 8 |
BOTTOM OF THE 9TH |
University of Georgia Bulldogs batting - Pitching for University of Virginia Cavaliers : RHP Jim Unknown
|
Pitching: RHP Omar Barajas
|
|
Now in CF: Carlos Castillo
|
|
Now in RF: Diego Herrera
|
|
Batting: RHB Terry Oetker
|
0-0: SOLO HOME RUN (Flyball, 9D, EV 100.0 MPH), Distance : 364 ft
|
Batting: RHB Homer Petropoulos
|
0-0: Called Strike 0-1: Ball 1-1: Ball 2-1: Swinging Strike 2-2: Foul Ball, location: 2F 2-2: Strikes out swinging
|
Batting: RHB Dou-wan Pan
|
0-0: Ball 1-0: Called Strike 1-1: Called Strike 1-2: Ball 2-2: Foul Ball, location: 2F 2-2: Ball 3-2: Base on Balls
|
Batting: LHB Chris Viehman
|
0-0: Foul Ball, location: 2F 0-1: Ball 1-1: Ball Wild Pitch! Dou-wan Pan to second 2-1: Swinging Strike 2-2: Ball 3-2: Base on Balls
|
Batting: RHB John Carpenter
|
0-0: 3-RUN HOME RUN (Flyball, 78XD, EV 106.2 MPH), Distance : 408 ft
|
Bottom of the 9th over - 4 runs, 2 hits, 0 errors, 0 left on base; University of Virginia 10 - University of Georgia 12 |
|
Game Over ... University of Georgia defeats University of Virginia, 12 to 10
|
|
|